 Dungeon Crawl Stone Soup version 0.26-a0-652-gafc20e3620 (webtiles) character file.

Game seed: 2502465084408118895

704 DogServant the Conjurer (level 7, 0/40 HPs)
             Began as a Tengu Conjurer on Oct 3, 2020.
             Shot with an arrow by a centaur (15 damage)
             ... on level 5 of the Dungeon.
             The game lasted 00:11:02 (4868 turns).

DogServant the Conjurer (Tengu Conjurer)            Turns: 4868, Time: 00:11:03

Health: 0/40       AC:  2    Str:  8    XL:     7   Next: 67%
Magic:  11/13      EV: 16    Int: 20    God:
Gold:   244        SH:  0    Dex: 12    Spells: 2/12 levels left

rFire    . . .     SeeInvis .   v - +3 spear (vamp)
rCold    . . .     Faith    .   (no shield)
rNeg     . . .     Spirit   .   a - +0 robe
rPois    .         Reflect  .   (helmet restricted)
rElec    .         Harm     .   (no cloak)
rCorr    .         Rampage  .   (no gloves)
MR       .....                  (boots unavailable)
Stlth    +.........             y - amulet of inaccuracy (curse)
HPRegen  0.13/turn              p - ring of attention
MPRegen  0.13/turn              (no ring)

@: flying quickly and evasively, quick
A: beak, talons 3, able to fly
a: Stop Flying


You were on level 5 of the Dungeon.
You visited 1 branch of the dungeon, and saw 5 of its levels.
You also visited: Sewer.

You collected 244 gold pieces.

Inventory:

Hand Weapons
 d - a +1 mace of venom
 f - a +0 dagger
 q - a +4 war axe
 v - a +3 vampiric spear (weapon)
Armour
 a - a +0 robe (worn)
 e - a +0 leather armour
 n - a +0 leather armour
Jewellery
 l - an uncursed amulet of magic regeneration
 o - an uncursed amulet of the acrobat
 p - a ring of attention (left hand)
 y - a cursed amulet of inaccuracy (around neck)
Scrolls
 i - 4 scrolls of remove curse
 k - 2 scrolls of enchant weapon
 m - 4 scrolls of identify
 u - 3 scrolls of blinking
 z - 2 scrolls of teleportation
Potions
 c - 3 potions of heal wounds
 h - 3 potions of brilliance
 r - 2 potions of curing
 s - 2 potions of flight
 t - a potion of mutation
 x - a potion of degeneration


   Skills:
 + Level 2.3 Fighting
 - Level 2.4 Armour
 - Level 4.0 Dodging
 - Level 3.7 Stealth
 - Level 3.3 Spellcasting
 + Level 7.6 Conjurations
 + Level 1.6 Hexes


You had 2 spell levels left.
You knew the following spells:

 Your Spells              Type           Power        Failure   Level
a - Magic Dart            Conj           ####         1%          1
b - Searing Ray           Conj           ####..       1%          2
c - Dazzling Flash        Conj/Hex       ###...       6%          3
d - Fulminant Prism       Conj/Hex       ###.......   21%         4

Your spell library contained the following spells:

 Spells                   Type           Power        Failure   Level
 Iskenderun's Mystic Bla  Conj/Tloc      ###.....     28%         4


Dungeon Overview and Level Annotations

Branches:
Dungeon (5/15)              Sewer (visited)
 Temple: D:4-7

Altars:
Makhleb
Okawaru
Yredelemnul
Zin


Innate Abilities, Weirdness & Mutations

You have a beak for a mouth.
You have claws for feet.
You can fly continuously.


Message History

You see here a +0 giant club.
Things that are here:
a +0 shortbow; 12 arrows The centaur shouts!
The centaur wields a +0 shortbow.
The centaur shoots an arrow.
The arrow hits you!
You see here an arrow.
Things that are here:
a +0 shortbow; 12 arrows You see here a +0 giant club.
Casting: Searing Ray (safe; 1% risk of failure)
Confirm with . or Enter, or press ? or * to list all spells.
Press: ? - help, Shift-Dir - straight line, f - centaur
Aim: a centaur, wielding a +0 shortbow, wearing an uncursed amulet of magic regeneration and quivering 16 arrows The searing ray hits the centaur!
The centaur is moderately wounded. (Press . to maintain the ray.)
The centaur shoots an arrow.
The arrow hits you!
The centaur shoots an arrow.
The arrow hits you!
You die...

..########.÷..###
≈...........#.#.#####
..<.........#(......#
≈......c....#..#....#
≈...(...............#.
........................
≈...........#...###.#...
.P..........#(..###.# ..
≈≈..........#@......# #
P≈.........(#)#.#####
≈≈...#####..c...# ≈...
####.### ≈.. #.# ≈. #.#
≈ #.. #.. ....


You could see a centaur.

Vanquished Creatures
  An ogre (D:5)
  A centaur (D:5)
  A big kobold (Sewer)
  4 hounds
  An orc priest (D:3)
  An orc wizard (D:3)
  A worker ant (D:4)
  A hound zombie (D:5)
  A worker ant zombie (D:4)
  4 gnolls (D:3)
  6 adders
  A river rat (Sewer)
  An ufetubus (D:5)
  3 oozes
  3 worms (D:3)
  3 dart slugs
  4 leopard geckos
  13 orcs (D:3)
  3 ball pythons
  3 giant cockroaches
  4 goblins
  7 hobgoblins
  8 jackals
  A quokka (D:5)
  10 bats
  6 frilled lizards
  11 kobolds
  11 rats
114 creatures vanquished.

Vanquished Creatures (others)
  15 plants (D:5)
15 creatures vanquished.

Grand Total: 129 creatures vanquished

Notes
Turn   | Place    | Note
-------+----------+-------------------------------------------
     0 | D:1      | DogServant the Tengu Conjurer began the quest for the Orb.
     0 | D:1      | Reached XP level 1. HP: 10/10 MP: 4/4
   167 | D:1      | Reached XP level 2. HP: 15/15 MP: 4/6
   587 | D:1      | Reached XP level 3. HP: 19/19 MP: 4/7
   591 | D:1      | Learned a level 2 spell: Searing Ray
   595 | D:1      | Learned a level 3 spell: Dazzling Flash
  1754 | D:2      | Reached XP level 4. HP: 24/24 MP: 8/8
  2006 | D:2      | Reached skill level 6 in Conjurations
  2267 | D:2      | Found a burning altar of Makhleb.
  2272 | D:2      | Reached skill level 1 in Armour
  2272 | D:2      | Gained mutation: You can fly continuously. [Tengu growth]
  2272 | D:2      | Reached XP level 5. HP: 28/28 MP: 5/10
  2609 | D:3      | Found a glowing silver altar of Zin.
  2671 | D:3      | Found a glowing drain.
  2682 | Sewer    | Entered a sewer
  2686 | Sewer    | Reached XP level 6. HP: 30/32 MP: 11/11
  2886 | Sewer    | Found a white marble altar of Elyvilon.
  3010 | D:3      | Found a basalt altar of Yredelemnul.
  3082 | D:3      | Found an iron altar of Okawaru.
  3796 | D:3      | Learned a level 4 spell: Fulminant Prism
  4051 | D:4      | Reached XP level 7. HP: 35/37 MP: 10/13
  4086 | D:4      | Reached skill level 7 in Conjurations
  4210 | D:4      | Reached skill level 1 in Fighting
  4501 | D:5      | Entered Level 5 of the Dungeon
  4507 | D:5      | Reached skill level 1 in Hexes
  4868 | D:5      | Shot with an arrow by a centaur

Illustrated notes

Levels and vault maps discovered:
D:1:      dpeg_arrival_rooms_c, layout_loops_ring, serial_glass,
          glass_columns_a, glass_columns_c, glass_columns_c, glass_columns_c,
          glass_columns_b, glass_columns_b, minmay_ruptured
D:2:      layout_basic, makhleb_heckhound_becter
D:3:      layout_loops_ring, old_standard_altar, nicolae_overflow_crystal_walls,
          okawaru_gym_becter, portal_sewer_entry_d, kennysheep_potato
D:4:      layout_rooms, st_stairs_6, minmay_misc_feat_doors
D:5:      layout_loops_cross, chequers_big_river, kennysheep_cross_room,
          hangedman_glass_teeth, grunt_ministairs_8, guppyfry_shop_venom,
          uniq_duvessa

Skill      XL: |  1  2  3  4  5  6  7 |
---------------+----------------------+-----
Dodging        | 3 4 |  4.0
Conjurations   | 6 7 |  7.6
Armour         | 1 2 |  2.4
Stealth        | 3 |  3.7
Spellcasting   | 3 |  3.3
Fighting       | 2 |  2.3
Hexes          | 1 |  1.6

Action                   |  1- 3 |  4- 6 |  7- 9 || total
-------------------------+-------+-------+-------++-------
Melee: Unarmed           |     5 |       |       ||     5
       Kick              |     4 |     8 |     4 ||    16
       Dagger            |    37 |     2 |       ||    39
       Peck              |     3 |     2 |     2 ||     7
       War axe           |       |    41 |       ||    41
       Spear             |       |    28 |    32 ||    60
 Cast: Magic Dart        |    50 |     5 |       ||    55
       Searing Ray       |     2 |    25 |     9 ||    36
 Abil: Fly               |       |     1 |       ||     1
  Use: Potion            |       |     3 |       ||     3
       Scroll            |       |       |    13 ||    13
 Stab: Sleeping          |     2 |     2 |       ||     4
Armor: Robe              |     8 |     8 |     3 ||    19
Dodge: Dodged            |    30 |    87 |    34 ||   151

Table legend: (Time is in decaauts)
 A = Elapsed time spent in this place.
 B = Non-inter-level travel time spent in this place.
 C = Inter-level travel time spent in this place.
 D = Time resting spent in this place.
 E = Time spent auto-exploring this place.
 F = Levels seen in this place.
 G = Mean time per level.
                   A        B        C        D        E       F      G
               +--------+--------+--------+--------+--------+-----+--------+
         Total |   4752 |   4536 |    216 |    541 |   3184 |   6 |  792.0 |
       Dungeon |   4515 |   4299 |    216 |    541 |   3009 |   5 |  903.0 |
         Sewer |    236 |    236 |      0 |      0 |    175 |   1 |  236.0 |
               +--------+--------+--------+--------+--------+-----+--------+

Top non-repeatable levels by time:
     D:1: 1329 daAuts
     D:3: 1231 daAuts
     D:2: 1054 daAuts
     D:4: 538 daAuts
     D:5: 362 daAuts
   Sewer: 236 daAuts
